 Dungeon Sprint DCSS version 0.30-a0-305-g026cb31310 (webtiles) character file.

Game seed: 16535721603373602538

467436 rocky1 the Middleweight Champion (level 20, 0/486 HPs)
             Began as a Grey Draconian Transmuter on Oct 23, 2022.
             Was an Initiate of Gozag.
             Slain by an Executioner (12 damage)
             ... summoned by Gloorx Vloq
             ... in the Dungeon (Sprint IX: "|||||||||||||||||||||||||||||").
             The game lasted 01:12:41 (14692 turns).

rocky1 the Middleweight Champion (DrTm)            Turns: 14692, Time: 01:12:41

Health: 0/486      AC: 25    Str: 37    XL:     20   Next: 30%
Magic:  51/51      EV: 22    Int: 19    God:    Gozag
Gold:   1502       SH:  0    Dex: 17    Spells: 33/73 levels left

rFire   + + +      SeeInvis +      - Unarmed
rCold   + . .      Faith    .    (shield currently unavailable)
rNeg    . . .      Spirit   .    (body armour unavailable)
rPois   +          Reflect  .    (helmet currently unavailable)
rElec   .          Harm     .    (cloak currently unavailable)
rCorr   +          Rampage  .    (gloves currently unavailable)
Will    +....      NoTele   +    (boots currently unavailable)
Stlth   ..........               u - amulet "Ykuyly" {rF+ rC+ Regen+ Str+2 Int+2}
HPRegen 1.81/turn                h - ring of Ciroun {rF++ rCorr Str+2 Slay-2 SInv}
MPRegen 0.32/turn                v - ring of Boojoam {Drain Str+6 Dex+4 Slay+5}

@: mighty, berserking, lethally poisoned (0 -> -1), dragon-form, flying, hasted
and slowed, studying Fire Magic, invisible
A: dragon claw, dragon scales, flying, boosted hp, AC +15, amphibious, giant,
unfitting armour, (cold-blooded), (horns 1), screaming 1
}: 9/17 runes: decaying, serpentine, barnacled, slimy, elven, silver, golden,
abyssal, gossamer
a: End Transformation, Renounce Religion, Potion Petition, Call Merchant, Bribe
Branch


You were in the Dungeon.
You worshipped Gozag.
Gozag was most pleased with you.
You were a fearsome iron dragon!
You visited 1 branch You collected 51872 gold pieces.
You spent 20876 gold pieces at shops.
You paid 29494 gold pieces to Gozag.

Inventory:

Hand Weapons
 s - the +8 autumn katana {vorpal, manifold assault}
   (You bought it in a shop in the Dungeon)

   It sometimes launches melee attacks against multiple visible enemies.
 V - a +1 vampiric lajatang
Missiles
 q - 10 javelins
Armour
 y - the +0 pair of gloves of the Slorg {Str+2 Dex+3 Stlth+}
   (You bought it in a shop in the Dungeon)

   Str:       It affects your strength (+2).
   Dex:       It affects your dexterity (+3).
   Stlth:     It makes you more stealthy.
 B - the +2 hat of the Bear Spirit (melded) {Spirit, *Rage Will++}
   (You bought it in a shop in the Dungeon)

   Going berserk makes the wearer tougher, and they're slowed less afterward.
   *Rage:     It berserks you when you make melee attacks (+20% chance).
   Will:      It greatly increases your willpower.
 D - a +2 cloak (melded)
 P - the +0 pair of boots of Bad Feelings (melded) {Regen+ Dex+2}
   (You found it in the Dungeon)

   Dex:       It affects your dexterity (+2).
   Regen:     It increases your rate of health regeneration.
 W - the +1 pair of gloves of Apydeuny (melded) {+Inv rPois MP-9 Int+2}
   (You took it off Nikola in the Dungeon)

   Int:       It affects your intelligence (+2).
   rPois:     It protects you from poison.
   MP:        It affects your magic capacity (-9).
   +Inv:      It lets you turn invisible.
Jewellery
 h - the ring of Ciroun (left foreclaw) {rF++ rCorr Str+2 Slay-2 SInv}
   (You found it in the Dungeon)

   [ring of see invisible]

   Str:       It affects your strength (+2).
   Slay:      It affects your accuracy & damage with ranged weapons and melee
   (-2).
   rF:        It greatly protects you from fire.
   SInv:      It lets you see invisible.
   rCorr:     It protects you from acid and corrosion.
 l - the ring "Lehinin" {Wiz rC+}
   (You found it in the Dungeon)

   [ring of wizardry]

   It improves your spell success rate.
   rC:        It protects you from cold.
 t - the ring of Jismap {rPois AC+4}
   (You bought it in a shop in the Dungeon)

   [ring of protection]

   AC:        It affects your AC (+4).
   rPois:     It protects you from poison.
 u - the amulet "Ykuyly" (around neck) {rF+ rC+ Regen+ Str+2 Int+2}
   (You bought it in a shop in the Dungeon)

   [amulet of regeneration]

   Str:       It affects your strength (+2).
   Int:       It affects your intelligence (+2).
   rF:        It protects you from fire.
   rC:        It protects you from cold.
   Regen:     It increases your rate of health regeneration.
 v - the ring of Boojoam (right foreclaw) {Drain Str+6 Dex+4 Slay+5}
   (You bought it in a shop in the Dungeon)

   [ring of strength]

   Str:       It affects your strength (+6).
   Dex:       It affects your dexterity (+4).
   Slay:      It affects your accuracy & damage with ranged weapons and melee
   (+5).
   Drain:     It drains your maximum health when unequipped.
 z - a ring of protection from cold
 A - a ring of protection from fire
 K - the brooch of Shielding {Spirit SH+8}
   (You bought it in a shop in the Dungeon)

   [amulet of guardian spirit]

   It causes incoming damage to be divided between your reserves of health and
   magic.
   SH:        It affects your SH (+8).
Wands
 i - a wand of iceblast (10)
 m - a wand of quicksilver (6)
 H - a wand of polymorph (9)
Scrolls
 j - 3 scrolls of poison
 o - 5 scrolls of butterflies
 p - 7 scrolls of enchant weapon
 r - 2 scrolls of vulnerability
 F - 11 scrolls of enchant armour
 G - 3 scrolls of fear
 Q - 2 scrolls of identify
 S - a scroll of summoning
 T - a scroll of immolation
 U - 2 scrolls of silence
Potions
 a - a potion of lignification
 b - 16 potions of curing
 c - 3 potions of heal wounds
 d - 6 potions of mutation
 e - 9 potions of magic
 f - 3 potions of might
 n - 4 potions of berserk rage
 w - a potion of invisibility
 x - 2 potions of attraction
 C - 11 potions of haste
 E - 2 potions of resistance
 L - 2 potions of brilliance
 N - a potion of cancellation
 R - a potion of flight
Miscellaneous
 k - a tin of tremorstones (2/2)
 I - a condenser vane
 J - a lightning rod (4/4)
 M - a phantom mirror


   Skills:
 O Level 27 Fighting
 O Level 27 Dodging
 + Level 26.5 Stealth
 O Level 27 Unarmed Combat
 O Level 27 Spellcasting
 - Level 18.8 Necromancy
 - Level 14.9 Translocations
 O Level 27 Transmutations
 - Level 0.8 Ice Magic
 + Level 23.0 Air Magic
 - Level 16.0 Evocations


You had 33 spell levels left.
You knew the following spells:

 Your Spells              Type           Power      Damage    Failure   Level
a - Beastly Appendage     Tmut           100%       N/A       0%          1
b - Wereblood             Tmut           91%        N/A       0%          2
c - Dragon Form           Tmut           45%        N/A       0%          7
d - Ice Form              Ice/Tmut       68%        N/A       1%          4
e - Blade Hands           Tmut           45%        N/A       0%          5
f - Manifold Assault      Tloc           70%        N/A       1%          4
h - Necromutation         Tmut/Necr      42%        N/A       1%          8
i - Storm Form            Tmut/Air       44%        N/A       1%          7
j - Blink                 Tloc           100%       N/A       0%          2

Your spell library contained the following spells:

 Spells                   Type           Power      Damage    Failure   Level
 Shock                    Conj/Air       100%       1d9       0%          1
 Passwall                 Tmut/Erth      55%        N/A       0%          2
 Spider Form              Tmut/Pois      67%        N/A       0%          3
 Vhi's Electric Charge    Tloc/Air       100%       N/A       0%          3
 Airstrike                Air            42%        2d(7-23)  0%          4
 Foxfire                  Conj/Fire      100%       2x1d9     1%          1
 Summon Small Mammal      Summ           100%       N/A       1%          1
 Static Discharge         Conj/Air       100%       2-7/arc   1%          2
 Portal Projectile        Hex/Tloc       100%       N/A       1%          3
 Anguish                  Hex/Necr       28%        N/A       1%          4
 Arcjolt                  Conj/Air       31%        1d41      1%          5
 Lightning Bolt           Conj/Air       31%        1d48      1%          5
 Yara's Violent Unravell  Hex/Tmut       33%        3d14      1%          5
 Conjure Ball Lightning   Conj/Air       31%        3x3d10    1%          6
 Dispersal                Tloc           35%        N/A       1%          6
 Call Canine Familiar     Summ           25%        N/A       3%          3
 Summon Guardian Golem    Hex/Summ       25%        N/A       3%          3
 Tukima's Dance           Hex            25%        N/A       3%          3
 Borgnjor's Revivificati  Necr           38%        N/A       3%          8
 Disjunction              Tloc           35%        N/A       19%         8
 Fireball                 Conj/Fire      12%        3d7       34%         5
 Death's Door             Necr           38%        N/A       50%         9
 Starburst                Conj/Fire      12%        6d5       89%         6
 Enfeeble                 Hex            12%        N/A       100%        7


Dungeon Overview and Level Annotations

Branches:
Dungeon (1/1)

Altars:
Cheibriados
Dithmenos
Elyvilon
Fedhas
Gozag
Hepliaklqana
Kikubaaqudgha
Makhleb
Nemelex Xobeh
Okawaru
Qazlal
Ru
Sif Muna
Trog
Uskayaw
Vehumet
Wu Jian
Xom
Yredelemnul
Zin
The Shining One
Jiyva
Lugonu

Shops:
D ?:*::?*:*([!**:==:=

Annotations:
D Gloorx Vloq


Innate Abilities, Weirdness & Mutations

You are a fearsome iron dragon!
You have a powerful clawing attack.
Your giant scaled body is strong and resiliant, but less evasive.
You are flying.
Your maximum health is greatly increased.
Your armour is entirely melded.
You are incapable of wielding weapons or throwing items.
Your dull iron-grey scales are very hard. (AC +15)
You are amphibious.
You cannot fit into any form of body armour.
((You are cold-blooded and may be slowed by cold attacks.))
((You have a pair of small horns on your head.))
You occasionally shout uncontrollably at your foes.


Message History

The Executioner misses you. Gloorx Vloq gestures at you.
The foul vapour engulfs the Executioner.
The Executioner completely resists.
The Executioner closely misses you. The Executioner misses you.
The Executioner hits you but does no damage.
Unknown command.
Unknown command.
You maul the Executioner!!!!
You kill the Executioner!
The Executioner disappears in a puff of smoke!
You are engulfed in dark miasma.
* * * LOW HITPOINT WARNING * * *
You feel yourself speed up. Gloorx Vloq gestures at you.
The foul vapour engulfs you!
You are more poisoned.
* * * LOW HITPOINT WARNING * * *
Unknown command.
Unknown command.
Unknown command.
You feel better.
You are engulfed in dark miasma.
You feel yourself slow down.
* * * LOW HITPOINT WARNING * * *
Unknown command.
A red film seems to cover your vision as you go berserk!
You feel yourself moving faster!
You feel mighty!
You are engulfed in dark miasma.
Gloorx Vloq gestures.
Gloorx Vloq closely misses you.
You maul Gloorx Vloq!!!!!
You tail-slap Gloorx Vloq! You bite Gloorx Vloq.
Gloorx Vloq is severely wounded.
Gloorx Vloq gestures at you. The poison arrow hits you!!
You are poisoned.
You partially resist.
* * * LOW HITPOINT WARNING * * *
The Executioner gestures.
The Executioner seems to speed up.
The Executioner hits you!
You die...
Your body crumbles into a pile of gold.

.))).......[[.['[..▓
♣♣♣♣▓▓▓▓▓▓▓▓▓▓▓▓▓▓▓▓
...................▓
▓▓▓▓▓▓▓▓▓▓▓▓▓▓▓▓▓▓.▓
'.....∩......'.....▓
▓▓▓▓▓▓▓▓▓▓▓▓▓▓▓▓▓▓▓▓
...................▓
▓▓▓▓▓▓▓▓▓▓▓▓▓▓▓▓▓▓.▓
.............11&D1.▓
▓▓▓▓▓▓▓▓▓▓▓▓▓▓▓▓▓▓▓▓


You could see Gloorx Vloq and 3 Executioners.

Vanquished Creatures
  Cerebov (D)
  Antaeus (D)
  the Royal Jelly (D)
  Lom Lobon (D)
  Mnoleg (D)
  6 ancient liches (D)
  4 orbs of fire (D)
  Mara (D)
  Mennas (D)
  2 royal mummies (D)
  A Killer Klown (D)
  Frederick (D)
  A curse toe (D)
  Xtahua (D)
  Geryon (D)
  3 golden dragons (D)
  Nikola (D)
  4 electric golems (D)
  Rupert (D)
  3 liches (D)
  9 tentacled monstrosities (D)
  26 Orb Guardians (D)
  A quicksilver dragon (D)
  2 titans (D)
  6 deep elf blademasters (D)
  A deep elf master archer (D)
  A death cob (D)
  6 acid blobs (D)
  13 sphinxes (D)
  Kirke (D)
  6 shadow dragons (D)
  Agnes (D)
  2 tengu reavers (D)
  A tentacled starspawn (D)
  3 storm dragons (D)
  Ilsuiw (D)
  3 draconian monks (D)
  2 azure jellies (D)
  7 rockslimes (D)
  6 nagarajas (D)
  5 emperor scorpions (D)
  3 vault wardens (D)
  4 fire giants (D)
  4 frost giants (D)
  3 ghost moths (D)
  2 deep elf sorcerers (D)
  Louise (D)
  3 draconian scorchers (D)
  6 very ugly things (D)
  2 draconian shifters (D)
  4 ironbound preservers (D)
  3 draconian stormcallers (D)
  2 draconian annihilators (D)
  6 stone giants (D)
  A war gargoyle (D)
  7 vampire knights (D)
  A quicksilver ooze (D)
  5 green draconians (D)
  2 eleionomae (D)
  A white draconian (D)
  2 yellow draconians (D)
  5 black draconians (D)
  A spark wasp (D)
  4 merfolk javelineers (D)
  2 mummy priests (D)
  3 deep elf death magi (D)
  2 ettins (D)
  A merfolk impaler (D)
  7 fire dragons (D)
  A great orb of eyes (D)
  3 ice dragons (D)
  2 deep elf high priests (D)
  3 hydras (D)
  26 vault guards (D)
  A salamander tyrant (D)
  A spriggan air mage (D)
  An ironbound frostheart (D)
  2 ogre magi (D)
  Erica (D)
  2 centaur warriors (D)
  A merfolk avatar (D)
  4 merfolk aquamancers (D)
  An anaconda (D)
  A boulder beetle (D)
  A two-headed ogre (D)
  A deep troll shaman (D)
  A naga warrior (D)
  A tengu warrior (D)
  3 deep troll earth magi (D)
  An orc high priest (D)
  Urug (D)
  A spriggan berserker (D)
  A hell knight (D)
  A shock serpent (D)
  A pharaoh ant (D)
  A goliath frog (D)
  9 swamp dragons (D)
  2 steelbarb worms (D)
  5 sea snakes (D)
  A glowing orange brain (D)
  An orb spider (D)
  A phantasmal warrior (D)
  A lindwurm (D)
  A naga ritualist (D)
  11 orc knights (D)
  A harpy (D)
  5 wolf spiders (D)
  4 ironbound convokers (D)
  2 manticores (D)
  2 cyclopes (D)
  2 will-o-the-wisps (D)
  An orc sorcerer (D)
  2 ugly things (D)
  3 vault sentinels (D)
  10 moths of wrath (D)
  A black mamba (D)
  2 merfolk sirens (D)
  2 guardian serpents (D)
  A water nymph (D)
  4 naga magi (D)
  4 cane toads (D)
  A rime drake (D)
  3 komodo dragons (D)
  24 guardian mummies (D)
  A wandering mushroom (D)
  A queen bee (shapeshifter) (D)
  A merfolk (D)
  A troll (D)
  3 hornets (D)
  4 tyrant leeches (D)
  A blink frog (D)
  4 slime creatures (D)
  A jumping spider (D)
  A raiju (D)
  A dream sheep (D)
  A small abomination (D)
  A shadow (D)
  13 spriggans (D)
  A culicivora (D)
  A hog (D)
  A yak (D)
  A wyvern (D)
  A fire bat (D)
  3 golden eyes (D)
  A redback (D)
  2 basilisks (D)
  2 vampire mosquitoes (D)
  5 nagas (D)
  3 acid dragons (D)
  3 water moccasins (D)
  3 swamp drakes (D)
  2 floating eyes (D)
  14 orc warriors (D)
  A black bear (D)
  A large abomination (D)
  A wolf (D)
  3 bullfrogs (D)
  A wight (D)
  2 howler monkeys (D)
  A crimson imp (D)
  A hound (D)
  3 orc priests (D)
  2 iguanas (D)
  3 orc wizards (D)
  A white imp (D)
  An ufetubus (D)
  A dart slug (D)
  6 orcs (D)
  An endoplasm (D)
  A ball python (D)
  2 frilled lizards (D)
  A ball lightning (D)
506 creatures vanquished.

Vanquished Creatures (others)
  A frost giant (D)
  A merfolk aquamancer (D)
  2 orcs (D)
  4 foxfires (D)
  A lurking horror (D)
9 creatures vanquished.

Grand Total: 515 creatures vanquished

Notes
Turn   | Place    | Note
-------+----------+-------------------------------------------
     0 | D        | rocky1 the Draconian Transmuter began the quest for the
                  | Orb.
     0 | D        | Reached XP level 1. HP: 16/16 MP: 3/3
   122 | D        | Noticed a hound
   122 | D        | Noticed an iguana
   122 | D        | Noticed a black bear
   122 | D        | Noticed an iguana
   125 | D        | Killed an iguana
   126 | D        | Reached skill level 5 in Unarmed Combat
   126 | D        | Reached XP level 2. HP: 22/23 MP: 3/6
   126 | D        | Reached XP level 3. HP: 27/28 MP: 3/7
   134 | D        | Killed a black bear
   135 | D        | Reached XP level 4. HP: 17/35 MP: 3/10
   142 | D        | Reached XP level 5. HP: 12/40 MP: 3/11
   558 | D        | Learned a level 2 spell: Wereblood
   562 | D        | Learned a level 3 spell: Spider Form
   567 | D        | Learned a level 4 spell: Ice Form
   567 | D        | Found a snail-covered altar of Cheibriados.
   567 | D        | Found a shadowy altar of Dithmenos.
   567 | D        | Found a white marble altar of Elyvilon.
   567 | D        | Found a blossoming altar of Fedhas.
   567 | D        | Found an opulent altar of Gozag.
   568 | D        | Found a hazy altar of Hepliaklqana.
   569 | D        | Found a viscous altar of Jiyva.
   570 | D        | Found an ancient bone altar of Kikubaaqudgha.
   571 | D        | Found a corrupted altar of Lugonu.
   572 | D        | Found a burning altar of Makhleb.
   573 | D        | Found a sparkling altar of Nemelex Xobeh.
   574 | D        | Found an iron altar of Okawaru.
   575 | D        | Found a stormy altar of Qazlal.
   576 | D        | Found a sacrificial altar of Ru.
   577 | D        | Found a shimmering blue altar of Sif Muna.
   578 | D        | Found a bloodstained altar of Trog.
   579 | D        | Found a hide-covered altar of Uskayaw.
   580 | D        | Found a radiant altar of Vehumet.
   581 | D        | Found an ornate altar of the Wu Jian Council.
   582 | D        | Found a shimmering altar of Xom.
   583 | D        | Found a basalt altar of Yredelemnul.
   584 | D        | Found a glowing silver altar of Zin.
   597 | D        | Became a worshipper of Gozag Ym Sagoz the Greedy
   608 | D        | Found a glowing golden altar of the Shining One.
   787 | D        | Noticed a shadow
   787 | D        | Noticed an acid dragon
   787 | D        | Noticed a troll
   790 | D        | Killed a troll
   791 | D        | Reached skill level 5 in Dodging
   791 | D        | Reached skill level 1 in Stealth
   791 | D        | Reached skill level 10 in Unarmed Combat
   791 | D        | Reached skill level 5 in Spellcasting
   791 | D        | Reached skill level 5 in Transmutations
   791 | D        | Reached XP level 6. HP: 48/48 MP: 7/14
   795 | D        | Killed an acid dragon
   796 | D        | Your scales start taking on a dull iron-grey colour.
   796 | D        | Reached XP level 7. HP: 56/56 MP: 7/16
   805 | D        | Killed a shadow
  1055 | D        | Noticed a slime creature
  1055 | D        | Noticed an entropy weaver
  1055 | D        | Noticed a cyclops
  1055 | D        | Noticed a basilisk
  1055 | D        | Noticed a slime creature
  1055 | D        | Noticed a two-headed ogre
  1058 | D        | Killed a two-headed ogre
  1059 | D        | Reached XP level 8. HP: 60/67 MP: 10/19
  1060 | D        | an entropy weaver changed into a queen bee
  1060 | D        | Noticed a queen bee (shapeshifter)
  1061 | D        | Killed a slime creature
  1062 | D        | Reached skill level 5 in Fighting
  1067 | D        | Killed a cyclops
  1068 | D        | Reached XP level 9. HP: 75/75 MP: 12/21
  1072 | D        | Killed a queen bee
  1442 | D        | Noticed a cane toad
  1442 | D        | Noticed a komodo dragon
  1452 | D        | Killed a komodo dragon
  1454 | D        | Killed a cane toad
  1469 | D        | Reached skill level 15 in Unarmed Combat
  1484 | D        | Reached XP level 10. HP: 88/88 MP: 21/23
  1649 | D        | Noticed a cane toad
  1649 | D        | Noticed a black mamba
  1652 | D        | Noticed a cane toad
  1660 | D        | Reached skill level 10 in Transmutations
  1663 | D        | Killed a black mamba
  1667 | D        | Killed a cane toad
  1670 | D        | Killed a cane toad
  1673 | D        | Reached skill level 10 in Spellcasting
  1930 | D        | Noticed a cane toad
  1954 | D        | Killed a cane toad
  1982 | D        | Reached skill level 10 in Dodging
  2629 | D        | Noticed an orc sorcerer
  2635 | D        | Killed an orc sorcerer
  2636 | D        | Reached skill level 10 in Fighting
  2639 | D        | Reached XP level 11. HP: 82/99 MP: 21/25
  2690 | D        | Bought the ring of Jismap {rPois AC+4} for 660 gold pieces
  2690 | D        | Bought the amulet "Ykuyly" {rF+ rC+ Regen+ Str+2 Int+2} for
                  | 831 gold pieces
  2690 | D        | Bought the ring of Boojoam {Drain Str+6 Dex+4 Slay+5} for
                  | 935 gold pieces
  2786 | D        | Noticed an orc high priest
  2792 | D        | Noticed an orc knight
  2794 | D        | Killed an orc high priest
  2805 | D        | Noticed an orc knight
  2808 | D        | Killed an orc knight
  2823 | D        | Killed an orc knight
  2883 | D        | Found Gagokona's Armour Boutique.
  2883 | D        | Noticed an orc knight
  2883 | D        | Noticed an orc knight
  2883 | D        | Noticed an orc knight
  2891 | D        | Killed an orc knight
  2892 | D        | Found Kumuy's Antique Weapon Shop.
  2899 | D        | Killed an orc knight
  2903 | D        | Killed an orc knight
  2904 | D        | Noticed an orc knight
  2912 | D        | Noticed an orc knight
  2912 | D        | Found Bekuen's Assorted Antiques.
  2916 | D        | Found Garof's Assorted Antiques.
  2920 | D        | Noticed an orc knight
  2925 | D        | Killed an orc knight
  2932 | D        | Killed an orc knight
  2937 | D        | Killed an orc knight
  2971 | D        | Noticed an orc knight
  2976 | D        | Killed an orc knight
  2988 | D        | Bought a fizzy brown potion for 16 gold pieces
  2988 | D        | Bought a scroll labelled ZESCHU HUJYDUKI for 18 gold pieces
  2988 | D        | Bought a scroll of vulnerability for 72 gold pieces
  2988 | D        | Bought a tin of tremorstones (2/2) for 720 gold pieces
  2988 | D        | Bought a scroll of identify for 36 gold pieces
  2988 | D        | Bought a scroll of enchant weapon for 135 gold pieces
  2990 | D        | Bought a potion of invisibility for 160 gold pieces
  2990 | D        | Bought a fizzy yellow potion for 18 gold pieces
  2990 | D        | Bought a scroll of enchant weapon for 150 gold pieces
  2992 | D        | Bought an encrusted whip for 112 gold pieces
  2992 | D        | Identified the +7 whip of Moderation {protect, rElec Str-3
                  | SInv} (You bought it in a shop in the Dungeon)
  3006 | D        | Bought a book of the Warp for 588 gold pieces
  3006 | D        | Bought a book of Weapons for 392 gold pieces
  3012 | D        | Learned a level 5 spell: Blade Hands
  3017 | D        | Learned a level 4 spell: Manifold Assault
  3058 | D        | Noticed Urug
  3069 | D        | Killed Urug
  3193 | D        | Noticed a tengu warrior
  3193 | D        | Noticed an orc knight
  3193 | D        | Noticed a red ugly thing
  3193 | D        | Noticed a boulder beetle
  3194 | D        | Noticed an ogre mage
  3199 | D        | Noticed an ice dragon
  3203 | D        | Killed a red ugly thing
  3213 | D        | Killed an orc knight
  3214 | D        | Reached XP level 12. HP: 94/115 MP: 23/26
  3215 | D        | Noticed a stone giant
  3219 | D        | Killed a tengu warrior
  3223 | D        | Noticed a fire dragon
  3226 | D        | Killed an ogre mage
  3228 | D        | Noticed a stone giant
  3231 | D        | Noticed a stone giant
  3233 | D        | Noticed a spark wasp
  3236 | D        | Killed an ice dragon
  3237 | D        | Noticed a frost giant
  3239 | D        | Killed a stone giant
  3243 | D        | Killed a fire dragon
  3246 | D        | Killed a stone giant
  3248 | D        | Killed a stone giant
  3252 | D        | Killed a spark wasp
  3253 | D        | HP: 5/115 [frost giant/+1 battleaxe of freezing (2)]
  3257 | D        | Killed a frost giant
  3448 | D        | Killed a boulder beetle
  3652 | D        | Noticed Kirke
  3664 | D        | Killed Kirke
  3714 | D        | Noticed an anaconda
  3714 | D        | Noticed a salamander tyrant
  3716 | D        | Noticed a naga warrior
  3722 | D        | Killed a naga warrior
  3728 | D        | Killed a salamander tyrant
  3732 | D        | Killed an anaconda
  3739 | D        | Reached XP level 13. HP: 74/122 MP: 27/27
  3824 | D        | Noticed an emperor scorpion
  3830 | D        | Killed a ghost moth
  3837 | D        | Killed an emperor scorpion
  4035 | D        | Noticed an eleionoma
  4051 | D        | Killed an eleionoma
  4055 | D        | Reached skill level 27 in Unarmed Combat
  4065 | D        | Noticed an eleionoma
  4236 | D        | Killed an eleionoma
  4237 | D        | Reached skill level 15 in Fighting
  4396 | D        | Bought a potion of berserk rage for 135 gold pieces
  4396 | D        | Bought a condenser vane for 1080 gold pieces
  4396 | D        | Bought a lightning rod (4/4) for 810 gold pieces
  4396 | D        | Bought a scroll of blinking for 202 gold pieces
  4507 | D        | Reached skill level 1 in Evocations
  4527 | D        | Reached skill level 5 in Evocations
  4588 | D        | Noticed Rupert
  4589 | D        | Paralysed by Rupert for 5 turns
  4597 | D        | Killed Rupert
  4628 | D        | Noticed Erica
  4636 | D        | Killed Erica
  4681 | D        | Noticed a fire dragon
  4681 | D        | Noticed a sphinx
  4681 | D        | Noticed a fire giant
  4689 | D        | Killed a fire giant
  4692 | D        | Killed a sphinx
  4693 | D        | Noticed a fire dragon
  4694 | D        | Noticed a stone giant
  4695 | D        | Noticed a frost giant
  4699 | D        | Reached XP level 14. HP: 108/140 MP: 23/28
  4699 | D        | Noticed a frost giant
  4702 | D        | Noticed a fire giant
  4707 | D        | Reached skill level 10 in Evocations
  4711 | D        | Noticed a frost giant
  4714 | D        | Killed a stone giant
  4715 | D        | Noticed a brown very ugly thing
  4717 | D        | Killed a frost giant
  4721 | D        | Killed a frost giant
  4722 | D        | Noticed a lich
  4724 | D        | Killed a fire giant
  4725 | D        | Noticed a green very ugly thing
  4733 | D        | Killed a frost giant
  4741 | D        | Killed a brown very ugly thing
  4744 | D        | Killed a lich
  4746 | D        | Killed a green very ugly thing
  4747 | D        | Reached skill level 15 in Dodging
  4917 | D        | Noticed a purple very ugly thing
  4917 | D        | Noticed an ironbound preserver
  4922 | D        | Noticed an ironbound preserver
  4927 | D        | Killed an ironbound preserver
  4930 | D        | Killed a purple very ugly thing
  4939 | D        | Noticed a vault warden
  4940 | D        | Killed an ironbound preserver
  4942 | D        | Noticed a green very ugly thing
  4949 | D        | Noticed an ironbound preserver
  4952 | D        | Reached skill level 5 in Stealth
  4954 | D        | Killed a vault warden
  4955 | D        | Reached skill level 15 in Evocations
  4958 | D        | Killed a green very ugly thing
  4969 | D        | Killed an ironbound preserver
  5151 | D        | Noticed Louise
  5156 | D        | Killed Louise
  5363 | D        | Got the +0 pair of boots of Bad Feelings {Regen+ Dex+2}
  5413 | D        | Bought a manual of Fire Magic for 1440 gold pieces
  5413 | D        | Bought a book of Fire for 540 gold pieces
  5422 | D        | Learned a level 6 spell: Starburst
  5442 | D        | Noticed Xtahua
  5449 | D        | Killed Xtahua
  5494 | D        | Noticed Frederick
  5511 | D        | Killed Frederick
  5711 | D        | Reached XP level 15. HP: 155/155 MP: 25/30
  5757 | D        | Got a decaying rune of Zot
  5808 | D        | Noticed Ilsuiw
  5830 | D        | Killed Ilsuiw
  5865 | D        | Got a barnacled rune of Zot
  5995 | D        | Noticed a nagaraja
  5995 | D        | Noticed a nagaraja
  5995 | D        | Noticed a nagaraja
  5997 | D        | Killed a nagaraja
  5998 | D        | Noticed a nagaraja
  6001 | D        | Killed a nagaraja
  6004 | D        | Killed a nagaraja
  6005 | D        | Noticed a nagaraja
  6006 | D        | Noticed a nagaraja
  6012 | D        | Killed a nagaraja
  6018 | D        | Killed a nagaraja
  6027 | D        | Killed a nagaraja
  6055 | D        | Got a serpentine rune of Zot
  6269 | D        | Bought a Necronomicon for 1064 gold pieces
  6269 | D        | Bought Luizek's Guide on Gusts for 570 gold pieces
  6278 | D        | Learned a level 8 spell: Necromutation
  6286 | D        | Learned a level 7 spell: Storm Form
  6299 | D        | Noticed an emperor scorpion
  6299 | D        | Noticed an emperor scorpion
  6302 | D        | Noticed an emperor scorpion
  6306 | D        | Reached skill level 15 in Spellcasting
  6306 | D        | Reached skill level 1 in Necromancy
  6306 | D        | Reached skill level 1 in Air Magic
  6311 | D        | Killed an emperor scorpion
  6316 | D        | Killed an emperor scorpion
  6320 | D        | Noticed an emperor scorpion
  6322 | D        | Killed an emperor scorpion
  6332 | D        | Killed an emperor scorpion
  6370 | D        | Got a gossamer rune of Zot
  6534 | D        | Bought a scroll of summoning for 142 gold pieces
  6534 | D        | Bought a scroll of immolation for 60 gold pieces
  6534 | D        | Bought a scroll of silence for 142 gold pieces
  6545 | D        | Noticed Agnes
  6548 | D        | Identified the +1 pair of gloves of Apydeuny {+Inv rPois
                  | MP-9 Int+2}
  6548 | D        | Noticed Nikola
  6553 | D        | Killed Agnes
  6553 | D        | Noticed Mara
  6557 | D        | Noticed rocky1's illusion
  6565 | D        | Killed Nikola
  6577 | D        | Noticed rocky1's illusion
  6578 | D        | Killed Mara
  6823 | D        | Reached skill level 5 in Necromancy
  6843 | D        | Reached skill level 5 in Air Magic
  6843 | D        | Reached XP level 16. HP: 164/172 MP: 32/35
  6883 | D        | Reached skill level 15 in Transmutations
  7159 | D        | Bought Fubaptits's Precepts of Inconstant Clouds for 690
                  | gold pieces
  7159 | D        | Bought an Inescapable Atlas for 480 gold pieces
  7162 | D        | Learned a level 2 spell: Blink
  7202 | D        | Noticed a tengu reaver
  7215 | D        | Noticed a tengu reaver
  7221 | D        | Killed a tengu reaver
  7222 | D        | Noticed a shadow dragon
  7233 | D        | Noticed a shadow dragon
  7235 | D        | Identified the +2 chain mail "Nubbeec" {rF+ rC+}
  7242 | D        | Killed a tengu reaver
  7253 | D        | Killed a shadow dragon
  7260 | D        | Killed a shadow dragon
  7352 | D        | Learned a level 7 spell: Dragon Form
  7356 | D        | Noticed a shadow dragon
  7356 | D        | Noticed a tentacled monstrosity
  7356 | D        | Noticed a titan
  7356 | D        | Noticed a shadow dragon
  7359 | D        | Noticed a titan
  7360 | D        | Killed a shadow dragon
  7360 | D        | Noticed a shadow dragon
  7364 | D        | Noticed a golden dragon
  7366 | D        | Killed a titan
  7367 | D        | Reached skill level 10 in Necromancy
  7369 | D        | Killed a tentacled monstrosity
  7372 | D        | Killed a shadow dragon
  7375 | D        | Killed a titan
  7378 | D        | Killed a golden dragon
  7382 | D        | Killed a shadow dragon
  7388 | D        | Got a silver rune of Zot
  7392 | D        | Got the Atlas of Moulding
  7503 | D        | Got the ring of Ciroun {rF++ rCorr Str+2 Slay-2 SInv}
  7505 | D        | Got the ring "Lehinin" {Wiz rC+}
  7507 | D        | Got the amulet of Yendor {RegenMP +Blink}
  7509 | D        | Got the ring of the Squeaky Apricot {Fly Str+3 Int+2 Dex+2}
  7511 | D        | Got the amulet of Birdsong {Reflect rF- rN++ SH+5}
  7621 | D        | Noticed Mennas
  7634 | D        | Killed Mennas
  7635 | D        | Reached skill level 10 in Stealth
  7671 | D        | Noticed a tentacled monstrosity
  7686 | D        | Killed a tentacled monstrosity
  7724 | D        | Bought the brooch of Shielding {Spirit SH+8} for 1105 gold
                  | pieces
  7724 | D        | Found the brooch of Shielding {Spirit SH+8}
  8005 | D        | Noticed a golden dragon
  8005 | D        | Noticed a storm dragon
  8008 | D        | Killed a storm dragon
  8008 | D        | Noticed a golden dragon
  8013 | D        | Reached XP level 17. HP: 182/185 MP: 22/39
  8017 | D        | Killed a golden dragon
  8018 | D        | Reached skill level 10 in Air Magic
  8022 | D        | Killed a golden dragon
  8281 | D        | Noticed a tentacled monstrosity
  8289 | D        | Reached skill level 1 in Translocations
  8293 | D        | Killed a tentacled monstrosity
  8569 | D        | Noticed a tentacled monstrosity
  8569 | D        | Noticed a curse toe
  8575 | D        | Noticed a tentacled monstrosity
  8580 | D        | Killed a curse toe
  8581 | D        | Reached skill level 5 in Translocations
  8587 | D        | Killed a tentacled monstrosity
  8592 | D        | Killed a tentacled monstrosity
  8838 | D        | Noticed a tentacled monstrosity
  8847 | D        | Killed a tentacled monstrosity
  8888 | D        | Bought a scroll of enchant armour for 75 gold pieces
  8888 | D        | Bought a scroll of enchant weapon for 75 gold pieces
  8888 | D        | Bought a scroll of enchant armour for 75 gold pieces
  8888 | D        | Bought a scroll of enchant armour for 75 gold pieces
  8888 | D        | Bought a scroll of poison for 40 gold pieces
  8888 | D        | Bought a scroll of blinking for 75 gold pieces
  9023 | D        | Noticed an Orb Guardian
  9023 | D        | Noticed an Orb Guardian
  9023 | D        | Noticed an Orb Guardian
  9023 | D        | Noticed an Orb Guardian
  9023 | D        | Noticed an Orb Guardian
  9023 | D        | Noticed an Orb Guardian
  9026 | D        | Killed an Orb Guardian
  9027 | D        | Killed an Orb Guardian
  9028 | D        | Noticed an Orb Guardian
  9029 | D        | Killed an Orb Guardian
  9030 | D        | Noticed an Orb Guardian
  9031 | D        | Noticed an Orb Guardian
  9032 | D        | Noticed an Orb Guardian
  9034 | D        | Killed an Orb Guardian
  9036 | D        | Killed an Orb Guardian
  9038 | D        | Killed an Orb Guardian
  9040 | D        | Killed an Orb Guardian
  9041 | D        | Killed an Orb Guardian
  9044 | D        | Killed an Orb Guardian
  9046 | D        | Killed an Orb Guardian
  9077 | D        | Noticed a quicksilver dragon
  9077 | D        | Noticed an Orb Guardian
  9077 | D        | Noticed an Orb Guardian
  9077 | D        | Noticed a tentacled monstrosity
  9078 | D        | Noticed an Orb Guardian
  9079 | D        | Killed a tentacled monstrosity
  9080 | D        | Noticed an Orb Guardian
  9082 | D        | Killed an Orb Guardian
  9083 | D        | Reached skill level 15 in Necromancy
  9084 | D        | Killed an Orb Guardian
  9085 | D        | Killed a quicksilver dragon
  9086 | D        | Reached XP level 18. HP: 199/199 MP: 36/41
  9090 | D        | Killed an Orb Guardian
  9092 | D        | Killed an Orb Guardian
  9093 | D        | Reached skill level 27 in Fighting
  9132 | D        | Noticed an ancient lich
  9137 | D        | Killed an ancient lich
  9138 | D        | Reached skill level 15 in Stealth
  9138 | D        | Reached skill level 10 in Translocations
  9140 | D        | Noticed an orb of fire
  9152 | D        | Killed an orb of fire
  9155 | D        | Noticed an electric golem
  9157 | D        | Killed an electric golem
  9160 | D        | Noticed a tentacled monstrosity
  9160 | D        | Noticed an electric golem
  9160 | D        | Noticed an ancient lich
  9160 | D        | Noticed an electric golem
  9160 | D        | Noticed a Killer Klown
  9160 | D        | Noticed a tentacled monstrosity
  9163 | D        | Killed a tentacled monstrosity
  9165 | D        | Noticed an orb of fire
  9166 | D        | Killed a Killer Klown
  9167 | D        | Noticed an orb of fire
  9171 | D        | Killed an ancient lich
  9173 | D        | Noticed an ancient lich
  9181 | D        | Killed an orb of fire
  9189 | D        | Killed an orb of fire
  9190 | D        | Noticed an electric golem
  9192 | D        | Killed a tentacled monstrosity
  9193 | D        | Noticed an orb of fire
  9203 | D        | Killed an ancient lich
  9212 | D        | Noticed an ancient lich
  9216 | D        | Killed an orb of fire
  9226 | D        | Killed an electric golem
  9232 | D        | Killed an electric golem
  9242 | D        | Killed an ancient lich
  9257 | D        | Killed an electric golem
  9291 | D        | Bought a potion of curing for 75 gold pieces
  9291 | D        | Bought a sharpened ivory wand for 100 gold pieces
  9291 | D        | Bought a scroll of enchant armour for 187 gold pieces
  9291 | D        | Bought a scroll of silence for 237 gold pieces
  9291 | D        | Bought a potion of haste for 250 gold pieces
  9291 | D        | Bought the +8 autumn katana {vorpal, manifold assault} for
                  | 1262 gold pieces
  9291 | D        | Found the +8 autumn katana {vorpal, manifold assault}
  9303 | D        | Bought a silvery potion for 31 gold pieces
  9303 | D        | Bought a pair of slimy gloves for 332 gold pieces
  9303 | D        | Identified the +0 pair of gloves of the Slorg {Str+2 Dex+3
                  | Stlth+} (You bought it in a shop in the Dungeon)
  9303 | D        | Bought a phantom mirror for 1400 gold pieces
  9303 | D        | Bought a potion of heal wounds for 175 gold pieces
  9307 | D        | Noticed an Orb Guardian
  9307 | D        | Noticed an Orb Guardian
  9307 | D        | Noticed an Orb Guardian
  9307 | D        | Noticed an Orb Guardian
  9307 | D        | Noticed an Orb Guardian
  9307 | D        | Noticed an Orb Guardian
  9310 | D        | Killed an Orb Guardian
  9311 | D        | Killed an Orb Guardian
  9312 | D        | Reached skill level 15 in Air Magic
  9315 | D        | Killed an Orb Guardian
  9317 | D        | Noticed an Orb Guardian
  9320 | D        | Killed an Orb Guardian
  9322 | D        | Noticed an Orb Guardian
  9323 | D        | Killed an Orb Guardian
  9325 | D        | Killed an Orb Guardian
  9327 | D        | Noticed an Orb Guardian
  9329 | D        | Noticed an Orb Guardian
  9330 | D        | Killed an Orb Guardian
  9332 | D        | Killed an Orb Guardian
  9333 | D        | Noticed an Orb Guardian
  9334 | D        | Killed an Orb Guardian
  9336 | D        | Noticed an Orb Guardian
  9340 | D        | Killed an Orb Guardian
  9344 | D        | Killed an Orb Guardian
  9348 | D        | Killed an Orb Guardian
  9472 | D        | Noticed an ancient lich
  9472 | D        | Noticed a lich
  9472 | D        | Noticed an ancient lich
  9477 | D        | Noticed a lich
  9482 | D        | Killed an ancient lich
  9483 | D        | Reached skill level 27 in Transmutations
  9483 | D        | Reached XP level 19. HP: 194/207 MP: 28/44
  9491 | D        | Killed an ancient lich
 10382 | D        | Got an elven rune of Zot
 10409 | D        | Bought a potion of haste for 130 gold pieces
 10409 | D        | Bought 2 potions of heal wounds for 130 gold pieces
 10409 | D        | Bought a potion of haste for 130 gold pieces
 10409 | D        | Bought a potion of mutation for 104 gold pieces
 10409 | D        | Bought a potion of curing for 39 gold pieces
 10409 | D        | Bought 2 potions of curing for 78 gold pieces
 10409 | D        | Bought a potion of haste for 130 gold pieces
 10428 | D        | Paralysed by a floating eye for 4 turns
 10436 | D        | Noticed the Royal Jelly
 10448 | D        | Paralysed by a floating eye for 4 turns
 10456 | D        | Killed the Royal Jelly
 10468 | D        | Paralysed by a floating eye for 2 turns
 10499 | D        | Got a slimy rune of Zot
 10680 | D        | Reached skill level 27 in Dodging
 10855 | D        | Noticed a royal mummy
 10855 | D        | Noticed a royal mummy
 10869 | D        | Killed a royal mummy
 10887 | D        | Killed a royal mummy
 10898 | D        | Got a golden rune of Zot
 10937 | D        | Reached XP level 20. HP: 216/216 MP: 41/50
 10961 | D        | Got an abyssal rune of Zot
 12387 | D        | Bought the +2 hat of the Bear Spirit {Spirit, *Rage Will++}
                  | for 942 gold pieces
 12387 | D        | Found the +2 hat of the Bear Spirit {Spirit, *Rage Will++}
 12514 | D        | Bought a book of Lightning for 418 gold pieces
 12528 | D        | Bought a potion of cancellation for 144 gold pieces
 12528 | D        | Bought a potion of curing for 54 gold pieces
 12528 | D        | Bought a potion of resistance for 180 gold pieces
 12528 | D        | Bought a potion of heal wounds for 90 gold pieces
 12528 | D        | Bought a potion of heal wounds for 90 gold pieces
 12528 | D        | Bought a potion of brilliance for 72 gold pieces
 12528 | D        | Bought 2 potions of curing for 108 gold pieces
 12528 | D        | Bought a potion of haste for 180 gold pieces
 12528 | D        | Bought a potion of heal wounds for 90 gold pieces
 14011 | D        | Noticed Geryon
 14030 | D        | Killed Geryon
 14033 | D        | Noticed Antaeus
 14033 | D        | Noticed Lom Lobon
 14036 | D        | Found the +6 sword of Cerebov {flame}
 14036 | D        | Noticed Cerebov
 14042 | D        | Noticed Mnoleg
 14052 | D        | Killed Antaeus
 14058 | D        | Killed Lom Lobon
 14406 | D        | Noticed Gloorx Vloq
 14411 | D        | Killed Cerebov
 14412 | D        | Reached skill level 27 in Spellcasting
 14616 | D        | Gained mutation: You have a pair of small horns on your
                  | head. [Mnoleg's mutagenic touch]
 14618 | D        | Gained mutation: You occasionally shout uncontrollably at
                  | your foes. [Mnoleg's mutagenic touch]
 14624 | D        | Killed Mnoleg
 14681 | D        | HP: 16/324 [Executioner[Gloorx Vloq] (18)]
 14689 | D        | HP: 16/324 [Gloorx Vloq/foul vapour (13)]
 14692 | D        | Slain by an Executioner

Illustrated notes

Levels and vault maps discovered:
D:        linesprint [early_d, line_temple, items_1, d_10, items_2, lair_1,
          lair_end, items_3, orc_1, orc_end, items_4, d_15, swamp_1, shoals_1,
          snake_1, spider_1, d_20, vaults_1, items_5, swamp_end, shoals_end,
          snake_end, spider_end, vaults_end, d_27, items_6, zot_1, zot_end,
          crypt_end, forest_end, elf_end, slime_end, tomb_end, abyss_end,
          pan_hell_end]

Skill      XL: |  1  2  3  4  5  6  7  8  9 10 11 12 13 14 15 16 17 18 19 20 |
---------------+-------------------------------------------------------------+-----
Dodging        | 2 3 5 6 7 8 10 12 13 16 19 21 22 24 27 | 27.0
Unarmed Combat | 5 7 10 12 13 15 16 19 24 27 | 27.0
Spellcasting   | 3 4 5 6 7 8 9 10 11 15 18 19 21 26 27 | 27.0
Transmutations | 3 4 5 6 7 8 9 11 14 19 23 27 | 27.0
Fighting       | 2 4 6 8 10 13 17 20 23 25 26 27 | 27.0
Stealth        | 1 2 6 10 14 18 24 26 | 26.5
Evocations     | 9 16 | 16.0
Necromancy     | 6 11 15 18 | 18.8
Air Magic      | 5 9 12 15 20 23 | 23.0
Translocations | 9 14 | 14.9
Ice Magic      | |  0.8

Action                   |  1- 3 |  4- 6 |  7- 9 | 10-12 | 13-15 | 16-18 | 19-21 || total
-------------------------+-------+-------+-------+-------+-------+-------+-------++-------
Melee: Unarmed           |    19 |    15 |    52 |   221 |   330 |   389 |   348 ||  1374
       Kick              |     6 |       |       |       |       |       |       ||     6
       Headbutt          |     5 |     2 |       |       |       |       |       ||     7
       Tailslap          |     2 |     1 |       |     6 |    55 |    56 |    71 ||   191
       Punch             |       |       |       |    10 |    54 |    66 |    83 ||   213
       Bite              |       |       |       |       |       |    12 |     6 ||    18
 Cast: Beastly Appendage |     3 |       |     1 |       |       |       |       ||     4
       Ice Form          |       |     1 |     2 |     4 |     3 |       |       ||    10
       Wereblood         |       |       |     3 |     5 |       |     2 |       ||    10
       Spider Form       |       |       |       |     2 |       |       |       ||     2
       Blade Hands       |       |       |       |     5 |    18 |     3 |     2 ||    28
       Manifold Assault  |       |       |       |       |       |    11 |     1 ||    12
       Storm Form        |       |       |       |       |       |     4 |     2 ||     6
       Dragon Form       |       |       |       |       |       |     6 |     3 ||     9
       Necromutation     |       |       |       |       |       |     2 |     7 ||     9
       Blink             |       |       |       |       |       |       |     1 ||     1
Invok: Call Merchant     |       |       |       |     3 |     4 |     6 |     3 ||    16
       Potion Petition   |       |       |       |     3 |     1 |     1 |     4 ||     9
 Abil: End Transformatio |       |       |       |       |       |       |     1 ||     1
Evoke: Lightning rod     |       |       |       |       |     3 |       |       ||     3
       Tin of tremorston |       |       |       |       |     2 |       |       ||     2
       Condenser vane    |       |       |       |       |     1 |       |       ||     1
  Use: Potion            |     1 |     1 |       |     7 |     1 |     1 |    11 ||    22
       Scroll            |       |       |       |     2 |     1 |     7 |     7 ||    17
 Stab: Invisible         |       |       |       |     7 |     1 |     1 |       ||     9
       Distracted        |       |       |       |     4 |     9 |    14 |     8 ||    35
       Sleeping          |       |       |       |       |       |     3 |     3 ||     6
Armor: Skin              |     6 |     2 |     2 |    19 |    54 |    68 |    79 ||   230
Dodge: Dodged            |    10 |     5 |    13 |   101 |   143 |   187 |   211 ||   670

Table legend: (Time is in decaauts) A = Elapsed time spent in this place. B = Non-inter-level travel time spent in this place. C = Inter-level travel time spent in this place. D = Time resting spent in this place. E = Time spent auto-exploring this place. F = Levels seen in this place. G = Mean time per level. A B C D E F G +--------+--------+--------+--------+--------+-----+--------+ Total | 14042 | 11036 | 3006 | 5759 | 0 | 1 | 14042.0 | Dungeon | 14042 | 11036 | 3006 | 5759 | 0 | 1 | 14042.0 | +--------+--------+--------+--------+--------+-----+--------+

Top non-repeatable levels by time:
       D: 14042 daAuts
